[Event "Early-Titled-Tuesday-Blitz-January-16-2024"]
[Site "Chess.com"]
[Date "2024.01.16"]
[Round "8"]
[White "KNVB"]
[Black "MikaelyanArman"]
[Result "0-1"]
[WhiteElo "2693"]
[BlackElo "2849"]
[TimeControl "180+1"]
[EndTime "9:31:58 PST"]
[Termination "MikaelyanArman won by resignation"]

1. d4 g6 2. Bf4 Bg7 3. e3 d6 4.
h3 c5 5. c3 Qb6 6. Qb3 Be6 7. Qxb6 axb6 8. a3 Nc6 9. Nd2 Nf6 10.
Ngf3 Nd5 11. Bg3 Nc7 12. Bd3 Kd7 13. Ng5 cxd4 14. Nxe6 dxe3 15. Nxg7 exd2+ 16. Kxd2 Rag8 17. Nf5 gxf5 18. Bxf5+ e6 19. Be4 f5 20. Bf3 e5 21.
Bh4 e4 22. Be2 Rxg2 23. Bg3 Rg8 24. Raf1 Ne6 25. Ke1 f4 26. Bh4 Ne5 27. Bf6 Nc5 28.
Bb5+ Ke6 29. Bxe5 Kxe5 30. Ke2 R8g3 31. h4 Nd3 32. h5 Re3+ 33. Kd1 Nxf2+ 34. Rxf2 Rxf2 35.
h6 Rxb2 0-1

[Event "Early-Titled-Tuesday-Blitz-January-16-2024"]
[Site "Chess.com"]
[Date "2024.01.16"]
[Round "8"]
[White "Alexei_Gubajdullin"]
[Black "Cambek64"]
[Result "1-0"]
[WhiteElo "2645"]
[BlackElo "2454"]
[TimeControl "180+1"]
[EndTime "9:31:59 PST"]
[Termination "Alexei_Gubajdullin won on time"]

1. d4 c5 2. c3 Qc7 3. Nf3 g6 4. Bg5 Bg7 5. e3 Nf6 6. Nbd2 O-O 7. Be2 b6 8. O-O Bb7 9. h3 d6 10. a4 a6 11. Qb3 Nbd7 12. Rfd1 Rfe8 13. Bc4 d5 14. Bf1 c4 15. Qa3 e6 16. Bf4 Qc6 17.
b3 Bf8 18. Qb2 b5 19. axb5 axb5 20. bxc4 dxc4 21. Ne5 Nxe5 22. Bxe5 Nd7 23. Bg3 Rxa1 24. Rxa1 Ra8 25. Rb1 b4 26. Nxc4 bxc3 27. Qxc3 Rc8 28.
Qb3 Ba8 29. Ne5 Nxe5 30. Bxe5 h5 31. Qb6 Qe4 32. Ra1 Qf5 33. Qa6 Re8 34. Qxa8 Rxa8 35. Rxa8 Qe4 36. Rd8 Qc6 37. Bd6 Qxd6 38. Rxd6 Bxd6 39.
h4 Kf8 40. g3 Ke7 41. Kg2 e5 42. Kf3 exd4 43. exd4 f5 44. Bb5 Bc7 45. Ke3 Bd6 46. Kd3 Bb4 47. Ke2 Bc3 48. d5 Bd4 49. d6+ Kf6 50. Be8 1-0

[Event "Early-Titled-Tuesday-Blitz-January-16-2024"]
[Site "Chess.com"]
[Date "2024.01.16"]
[Round "8"]
[White "ErikRonka"]
[Black "elchacal664"]
[Result "0-1"]
[WhiteElo "2504"]
[BlackElo "2373"]
[TimeControl "180+1"]
[EndTime "9:31:59 PST"]
[Termination "elchacal664 won by checkmate"]

1. Nf3 Nf6 2. c4 g6 3. Nc3 Bg7 4. e4 d6 5. d4 O-O 6. Be2 c5 7.
d5 Bg4 8. O-O Bxf3 9. Bxf3 Nfd7 10. Qc2 Na6 11. Bg5 Re8 12. Be2 Nc7 13. a4 Na6 14. Qd2 Nb4 15. f4 a6 16. Kh1 Qc7 17. Rf3 e6 18. dxe6 Rxe6 19. Raf1 Rae8 20. f5 gxf5 21.
exf5 Re5 22. f6 Bf8 23. Bh6 Kh8 24. Bxf8 Rxf8 25. Qh6 Rg8 26. Rh3 Nf8 27. Rf4 Qc6 28. Rg4 Rxg4 29. Bxg4 Re1# 0-1

[Event "Early-Titled-Tuesday-Blitz-January-16-2024"]
[Site "Chess.com"]
[Date "2024.01.16"]
[Round "8"]
[White "Anton_Demchenko"]
[Black "bancsoo"]
[Result "1-0"]
[WhiteElo "2995"]
[BlackElo "2933"]
[TimeControl "180+1"]
[EndTime "9:32:00 PST"]
[Termination "Anton_Demchenko won on time"]

1. e4 e5 2. Nf3 d6 3. d4 exd4 4.
Qxd4 Nc6 5. Bb5 Ne7 6. Qd3 a6 7. Ba4 Bd7 8. Nc3 Ne5 9. Nxe5 dxe5 10. Bb3 Ng6 11. h4 Be6 12. Bxe6 fxe6 13. Qc4 Qd7 14.
Be3 b5 15. Qe2 Bb4 16. h5 Bxc3+ 17. bxc3 Ne7 18. h6 g6 19. a4 O-O 20. O-O Qc6 21. axb5 axb5 22. Qg4 Qc4 23. Rxa8 Rxa8 24. Rd1 Qc6 25. Qg5 Kf7 26. Qxe5 Rg8 27. Bg5 Ke8 28. Qf6 1-0

[Event "Early-Titled-Tuesday-Blitz-January-16-2024"]
[Site "Chess.com"]
[Date "2024.01.16"]
[Round "8"]
[White "Shield12"]
[Black "Legendinunknown"]
[Result "1-0"]
[WhiteElo "3010"]
[BlackElo "2818"]
[TimeControl "180+1"]
[EndTime "9:32:02 PST"]
[Termination "Shield12 won on time"]

1. e4 c5 2. Nf3 d6 3. d4 cxd4 4. Nxd4 Nf6 5. Nc3 Nc6 6. Bg5 Bd7 7. Nxc6 bxc6 8. Bc4 e6 9. Qe2 h6 10. Bh4 Be7 11.
O-O-O O-O 12. e5 dxe5 13. Qxe5 Nd5 14. Bxe7 Qxe7 15. Bxd5 cxd5 16. Nxd5 Qh4 17. g3 Qd8 18.
Nc3 Qc8 19. Rd4 Bc6 20. Rhd1 Rb8 21. Rc4 Rb6 22. b3 Qa6 23. a4 Qb7 24. Rg4 g6 25.
Rd6 Bf3 26. Rgd4 Rxd6 27. Rxd6 Qb8 28. Qd4 h5 29. h4 Bb7 30. Rd7 Bc6 31. Rd6 Bb7 32.
Kb2 a6 33. Qb6 Qc8 34. Qd4 Re8 35. Rd7 Bc6 36. Ra7 Bb7 37. Qb4 Bc6 38. Qb6 1-0

[Event "Early-Titled-Tuesday-Blitz-January-16-2024"]
[Site "Chess.com"]
[Date "2024.01.16"]
[Round "8"]
[White "kidagent"]
[Black "guillembaches"]
[Result "1-0"]
[WhiteElo "2299"]
[BlackElo "2512"]
[TimeControl "180+1"]
[EndTime "9:32:02 PST"]
[Termination "kidagent won by resignation"]

1. c4 e6 2. g3 d5 3. Bg2 a6 4. Nf3 Nf6 5. O-O dxc4 6. Na3 b5 7. b3 cxb3 8. Qxb3 Bb7 9. Bb2 Nbd7 10. Rac1 Bd6 11.
d3 Kf8 12. e4 e5 13. Rfe1 Qe7 14. Nc2 Nc5 15. Qc3 Na4 16. Qb3 Nxb2 17. Qxb2 g6 18. Ne3 Kg7 19. Nxe5 Ba3 20. Qc3 Bxc1 21. Rxc1 Rac8 22.
f4 h5 23. Bh3 c5 24. Bxc8 Rxc8 25. Qa5 Rd8 26. a4 Qe8 27. axb5 axb5 28. Rxc5 Rxd3 29. Nxd3 Qxe4 30. Re5 Qh1+ 31. Kf2 Qxh2+ 32. Ke1 Qxg3+ 33. Kd2 Qxf4 34. Nxf4 1-0

[Event "Early-Titled-Tuesday-Blitz-January-16-2024"]
[Site "Chess.com"]
[Date "2024.01.16"]
[Round "8"]
[White "PavelShkapenko"]
[Black "KuzubovYuriy"]
[Result "0-1"]
[WhiteElo "2773"]
[BlackElo "2893"]
[TimeControl "180+1"]
[EndTime "9:32:04 PST"]
[Termination "KuzubovYuriy won by resignation"]

1. e4 e6 2. d4 d5 3. exd5 exd5 4. Nf3 Bg4 5. h3 Bh5 6. Qe2+ Ne7 7. g4 Bg6 8. Ne5 Nbc6 9. Nxg6 hxg6 10. Be3 Qd7 11. Nc3 O-O-O 12. O-O-O Kb8 13. Na4 Nc8 14. Nc5 Bxc5 15.
dxc5 d4 16. Qc4 Ne5 17. Qb3 Qc6 18. Bb5 Qxc5 19. Bf4 Nd6 20. Bd3 g5 21. Bg3 Rde8 22. Kb1 Nxd3 23. Qxd3 Ne4 24. Qxd4 Qxd4 25. Rxd4 Nxg3 26.
fxg3 Rxh3 27. Rhd1 Kc8 28. R4d3 b6 29. b3 Re7 30.
Rf3 Kb7 31. a4 f6 32. Kb2 Rh2 33. Rd4 Rhe2 34. Rfd3 R2e4 35. Rd7 Rxd7 36. Rxd7 Rxg4 37. Rxg7 Rxg3 38. Rf7 Rf3 39. Kc1 g4 40. Kd2 f5 41.
Ke2 a5 42. Rf6 Kc8 43. Rf7 Kd8 44. Rh7 f4 45. Rg7 Re3+ 46. Kf2 g3+ 47. Kg2 Re2+ 48.
Kf3 Rf2+ 49. Ke4 g2 50. Ke5 f3 51. Ke6 Re2+ 52. Kd5 Re1 0-1

[Event "Early-Titled-Tuesday-Blitz-January-16-2024"]
[Site "Chess.com"]
[Date "2024.01.16"]
[Round "8"]
[White "Aguiar94"]
[Black "laiciffOneslraCsungaM"]
[Result "1-0"]
[WhiteElo "2531"]
[BlackElo "2370"]
[TimeControl "180+1"]
[EndTime "9:32:06 PST"]
[Termination "Aguiar94 won by resignation"]

1. e4 e6 2. d4 d5 3. Nd2 c5 4. Ngf3 cxd4 5. Nxd4 Nc6 6. Bb5 Bd7 7. Nxc6 bxc6 8. Bd3 Qc7 9. Qe2 Ne7 10. Nf3 Ng6 11.
e5 f6 12. exf6 gxf6 13. O-O Kf7 14. c4 e5 15. cxd5 cxd5 16. Bc2 Rc8 17. Bb3 Be6 18.
Be3 Bd6 19. Rfd1 e4 20. Nd4 Bxh2+ 21. Kh1 Rhd8 22. Qh5 f5 23. Qxh2 Qxh2+ 24. Kxh2 f4 25. Bd2 Bg4 26. Re1 Kg7 27. f3 Bh5 28. Ne6+ Kf6 29.
Nxd8 Rxd8 30. Ba5 e3 31. Bxd8+ 1-0

[Event "Early-Titled-Tuesday-Blitz-January-16-2024"]
[Site "Chess.com"]
[Date "2024.01.16"]
[Round "8"]
[White "Nasrin_Babayeva"]
[Black "carloseduar100"]
[Result "1/2-1/2"]
[WhiteElo "1886"]
[BlackElo "2270"]
[TimeControl "180+1"]
[EndTime "9:32:06 PST"]
[Termination "Game drawn by stalemate"]

1. e4 e6 2. Qe2 b6 3. b3 Bb7 4. Bb2 d6 5. f4 Nd7 6. Nf3 c5 7. d3 Ngf6 8. Nbd2 g6 9. g4 Bg7 10. h3 a5 11. Bg2 a4 12. Nc4 axb3 13. Nxd6+ Kf8 14. Nxb7 Qc7 15. Nd6 Rxa2 16. e5 Rxb2 17. exf6 Bxf6 18. Ra8+ Ke7 19. Rxh8 Rxc2 20. Nc8+ Qxc8 21.
Rxc8 Bc3+ 22. Kf2 Rxe2+ 23. Kxe2 b2 24. Rb1 f6 25. Nd2 b5 26. Bc6 Nb6 27. Rb8 Nd5 28. Bxd5 exd5 29. Rxb5 Kd6 30. Rb3 Bd4 31. Nf3 c4 32.
dxc4 dxc4 33. Nxd4 cxb3 34. Nxb3 Kd5 35. Rxb2 Ke4 36.
Nd2+ Kxf4 37. Kf2 h6 38. Rb6 Kg5 39. Kg3 h5 40. h4+ Kh6 41. Rxf6 hxg4 42. Kxg4 Kg7 43. Kg5 Kh7 44. Rxg6 Kh8 45. Rh6+ Kg7 46. h5 Kg8 47. Kg6 Kf8 48. Rh7 Kg8 49. Rg7+ Kh8 50. h6 1/2-1/2

[Event "Early-Titled-Tuesday-Blitz-January-16-2024"]
[Site "Chess.com"]
[Date "2024.01.16"]
[Round "8"]
[White "Nouali_Mohamed"]
[Black "Phelathegreat"]
[Result "1/2-1/2"]
[WhiteElo "2587"]
[BlackElo "2445"]
[TimeControl "180+1"]
[EndTime "9:32:08 PST"]
[Termination "Game drawn by repetition"]

1. e4 e6 2. d4 d5 3. Nc3 Nf6 4.
Bg5 Be7 5. e5 Nfd7 6. Bxe7 Qxe7 7. f4 O-O 8. Nf3 c5 9. Bd3 f6 10. exf6 Qxf6 11. g3 cxd4 12. Nxd4 Nc6 13. Nf3 Nc5 14.
Qe2 Bd7 15. O-O-O Be8 16. Ng5 Bg6 17. Bxg6 Qxg6 18. Rhe1 Rae8 19. Nf3 Rc8 20. Ne5 Nxe5 21. Qxe5 Rc6 22. Kb1 a6 23. Ne2 Nd7 24. f5 Rxf5 25. Qe3 Re5 26. Qd2 Nf6 27. Nd4 Rxe1 28. Rxe1 Ne4 29.
Qb4 Rc4 30. Qb6 h6 31. Nxe6 Nd2+ 32. Ka1 Qxc2 33. Qd8+ Kh7 34. Nf8+ Kg8 35. Ng6+ Kh7 36. Nf8+ Kg8 37. Ng6+ Kh7 38. Nf8+ 1/2-1/2

[Event "Early-Titled-Tuesday-Blitz-January-16-2024"]
[Site "Chess.com"]
[Date "2024.01.16"]
[Round "8"]
[White "KSho99"]
[Black "shirovin"]
[Result "0-1"]
[WhiteElo "2176"]
[BlackElo "2000"]
[TimeControl "180+1"]
[EndTime "9:32:08 PST"]
[Termination "shirovin won on time"]

1. Nf3 Nf6 2. g3 g6 3. b3 Bg7 4. Bb2 O-O 5. Bg2 c5 6. c4 Nc6 7. O-O d6 8. d4 Ne4 9. Nbd2 Nxd2 10. Qxd2 cxd4 11. Nxd4 Bd7 12. Rad1 a6 13. Nxc6 Bxc6 14.
c5 Bxb2 15. Qxb2 Bxg2 16. Kxg2 Qd7 17. cxd6 exd6 18. Rd2 Rfe8 19. Rfd1 Re6 20. f3 Rae8 21. e4 Qc6 22. Rc1 Qb5 23. Qd4 f5 24. Rc7 Qe5 25.
Qxe5 Rxe5 26. Rxd6 fxe4 27. fxe4 Rxe4 28. Rdd7 Re2+ 29.
Kh3 R8e5 30. Rg7+ Kf8 31. Rxh7 Rh5+ 32. Rxh5 gxh5 33. Rxb7 Rxa2 34. b4 Rb2 0-1

[Event "Early-Titled-Tuesday-Blitz-January-16-2024"]
[Site "Chess.com"]
[Date "2024.01.16"]
[Round "8"]
[White "DanilNajdin"]
[Black "effefe"]
[Result "1-0"]
[WhiteElo "2487"]
[BlackElo "2304"]
[TimeControl "180+1"]
[EndTime "9:32:10 PST"]
[Termination "DanilNajdin won on time"]

1. d4 Nf6 2. c4 g6 3. Nc3 Bg7 4. e4 d6 5. Be2 O-O 6. Be3 e5 7.
d5 Nbd7 8. g4 Nc5 9. f3 a5 10.
h4 c6 11. h5 cxd5 12. cxd5 Bd7 13. Qd2 b5 14. Bxb5 Bxb5 15. Nxb5 a4 16. Ne2 Qb6 17. Nec3 Rfb8 18. Bh6 Bh8 19. Be3 Ra5 20. Qe2 Rxb5 21. Nxb5 Qxb5 22. Qxb5 Rxb5 23. O-O-O Bg7 24. Kb1 a3 25. Rd2 Nfd7 26. h6 Bf8 27. g5 Be7 28.
Rc1 f6 29. gxf6 Bxf6 30. Rc3 axb2 31. Rxb2 Rxb2+ 32. Kxb2 Na4+ 33. Kb3 Nxc3 34. Kxc3 Bd8 35. Kc4 Kf7 36. Kb5 Nc5 37. a4 g5 38. a5 Kg6 39. Bxc5 dxc5 40. a6 c4 41. a7 c3 42.
a8=Q c2 43. Qc6+ Bf6 44. Qxc2 Kxh6 45. d6 Kg6 46. d7 h5 47. Qc4 h4 48. d8=Q Bxd8 49.
Qg8+ 1-0

[Event "Early-Titled-Tuesday-Blitz-January-16-2024"]
[Site "Chess.com"]
[Date "2024.01.16"]
[Round "8"]
[White "ylr5000"]
[Black "Sanyura"]
[Result "1-0"]
[WhiteElo "2481"]
[BlackElo "2622"]
[TimeControl "180+1"]
[EndTime "9:32:11 PST"]
[Termination "ylr5000 won by checkmate"]

1. d4 Nf6 2. c4 g6 3. Nc3 d6 4. e4 Bg7 5. Be2 O-O 6. Bg5 c5 7. d5 e6 8. Qd2 exd5 9. exd5 a6 10. a4 Re8 11. Nf3 Bf5 12. O-O Nbd7 13. Nh4 h6 14. Nxf5 hxg5 15. Nxg7 Kxg7 16. Qxg5 Qb6 17.
Qd2 Qb4 18. Qc2 Ne5 19. b3 Rh8 20. h3 Rae8 21. f4 Ned7 22. Rf3 Re7 23. Bd3 Rhe8 24.
Raf1 Re3 25. Kh2 Rxf3 26. Rxf3 b5 27. axb5 axb5 28. Nxb5 Qe1 29. Nxd6 Ra8 30. Qf2 Ng4+ 31. hxg4 Rh8+ 32. Kg3 Qh1 33. Re3 Nf6 34. Kf3 Nxg4 35.
Kxg4 Qh5+ 36. Kg3 f5 37. Qb2+ Kh6 38. Be2 Qh1 39. Qxh8# 1-0

[Event "Early-Titled-Tuesday-Blitz-January-16-2024"]
[Site "Chess.com"]
[Date "2024.01.16"]
[Round "8"]
[White "NinoMaisuradze"]
[Black "LangesNasenhaar"]
[Result "1-0"]
[WhiteElo "2316"]
[BlackElo "2409"]
[TimeControl "180+1"]
[EndTime "9:32:12 PST"]
[Termination "NinoMaisuradze won on time"]

1. d4 g6 2. Nf3 Bg7 3. c3 d6 4.
Bg5 Nd7 5. e4 c5 6. Bc4 Qb6 7.
Qb3 Qxb3 8. Bxb3 cxd4 9. cxd4 a5 10. Nc3 Ngf6 11. e5 Ng4 12. h3 Nh6 13. Nd5 O-O 14. Nxe7+ Kh8 15. exd6 a4 16. Bc2 a3 17. b3 Nb6 18. Nxc8 Raxc8 19. Bd3 f6 20. Bf4 Nd5 21.
Bg3 Nb4 22. Kd2 Nxd3 23. Kxd3 Nf5 24. Rhe1 Nxg3 25. fxg3 Rfd8 26. Re7 Rb8 27. Rae1 Bf8 28. R7e6 Kg7 29. Nd2 Rxd6 30. Rxd6 Bxd6 31. Nc4 Bxg3 32. Re7+ Kh6 33. Nxa3 Ra8 34. Nc2 b5 35. Rb7 Ra5 36. b4 Rxa2 37. Rxb5 Rb2 38. d5 Rb3+ 39. Kc4 Rb2 40. Ne3 Re2 41. Ng4+ Kg5 42. d6+ f5 43. d7 Bc7 44. Nh2 Kf4 45. Rb7 Bd8 46. Nf3 Rxg2 47. Nd4 Rd2 48. Ne6+ Ke5 49. Nxd8 f4 50. Nf7+ 1-0

[Event "Early-Titled-Tuesday-Blitz-January-16-2024"]
[Site "Chess.com"]
[Date "2024.01.16"]
[Round "8"]
[White "Yushko_Olga"]
[Black "FredddieCroderg"]
[Result "0-1"]
[WhiteElo "2120"]
[BlackElo "2343"]
[TimeControl "180+1"]
[EndTime "9:32:13 PST"]
[Termination "FredddieCroderg won on time"]

1. d4 d5 2. c4 e6 3. cxd5 exd5 4.
Nc3 Nf6 5. Bg5 Be7 6. Qc2 O-O 7. e3 Re8 8. Bd3 h6 9. Bh4 c5 10. Nge2 c4 11. Bf5 Nc6 12. a3 Be6 13. O-O Rb8 14.
Nf4 Qd7 15. Bxe6 fxe6 16. Qg6 b5 17. Bg3 a5 18. Nh5 Nxh5 19. Bxb8 Rxb8 20. Qxh5 b4 21. axb4 axb4 22. Ne2 Bf6 23. Qg4 b3 24. Nf4 Re8 25. Ra6 Bg5 26. h4 Bxf4 27. Qxf4 Nb4 28. Rfa1 Nxa6 29. Rxa6 Qb7 30. Ra1 Ra8 31. Rxa8+ Qxa8 32. Qd6 c3 33. Qxe6+ Kh8 34. Qb6 cxb2 35. Qxb3 Qa1+ 36. Kh2 b1=Q 37. Qxd5 Qaa2 38. Qd8+ Kh7 39. Qf8 Qbc2 40. Kg3 Qe6 41. h5 Qf6 42. Qxf6 gxf6 43. f3 Kg7 44. e4 Kf7 0-1

[Event "Early-Titled-Tuesday-Blitz-January-16-2024"]
[Site "Chess.com"]
[Date "2024.01.16"]
[Round "8"]
[White "djano"]
[Black "Bkmzzzzz"]
[Result "1-0"]
[WhiteElo "2641"]
[BlackElo "2417"]
[TimeControl "180+1"]
[EndTime "9:32:14 PST"]
[Termination "djano won on time"]

1. e4 d6 2. Nc3 Nf6 3. f4 e5 4. Nf3 Nbd7 5. Bc4 Be7 6. O-O O-O 7. d3 c6 8. Bb3 b5 9. Kh1 a5 10. a3 Bb7 11. Qe1 Qc7 12. fxe5 Nxe5 13. Qg3 Ng6 14.
h4 Bc8 15. Bg5 Nh5 16. Qh2 Be6 17. Bxe6 fxe6 18. Nd4 e5 19. Nf5 Bf6 20. Ne2 Ne7 21. g4 Bxg5 22. hxg5 Nf4 23. Nxf4 exf4 24. Qxf4 Rad8 25.
Rf2 Ng6 26. Qg3 Qb7 27. Raf1 d5 28. e5 d4 29. Qg2 Qd7 30. Qe4 Qe6 31. Re1 c5 32. b4 axb4 33. axb4 Rc8 34. bxc5 Rxc5 35. Nxd4 Qxe5 36. Rxf8+ Kxf8 37. Ne6+ 1-0

[Event "Early-Titled-Tuesday-Blitz-January-16-2024"]
[Site "Chess.com"]
[Date "2024.01.16"]
[Round "8"]
[White "valik3504"]
[Black "GMAkobianSTL"]
[Result "0-1"]
[WhiteElo "2552"]
[BlackElo "2705"]
[TimeControl "180+1"]
[EndTime "9:32:16 PST"]
[Termination "GMAkobianSTL won by resignation"]

1. Nf3 Nf6 2. c4 b6 3. d4 Bb7 4.
e3 g6 5. Bd3 Bg7 6. Nbd2 O-O 7.
Qc2 c5 8. d5 e6 9. e4 exd5 10.
cxd5 d6 11. h3 a6 12. a4 Nbd7 13. O-O Qc7 14. Re1 Rfe8 15. Nf1 c4 16. N1d2 b5 17. axb5 axb5 18. Rxa8 Bxa8 19. b3 c3 20. Bxb5 Qb8 21. Bc6 cxd2 22. Bxd2 Rc8 23. Nd4 Ne5 24. Bf4 Qb6 25. Be3 Qb4 26. Rc1 Nxc6 27. dxc6 Ne8 28. c7 Rxc7 29. Qd1 Rxc1 30. Qxc1 Bxd4 31. Qc8 Bxe3 32. Qxe8+ Kg7 33. fxe3 Qxe4 0-1

[Event "Early-Titled-Tuesday-Blitz-January-16-2024"]
[Site "Chess.com"]
[Date "2024.01.16"]
[Round "8"]
[White "Talent-OF-Slovenia"]
[Black "AradNazari"]
[Result "1-0"]
[WhiteElo "2422"]
[BlackElo "2622"]
[TimeControl "180+1"]
[EndTime "9:32:16 PST"]
[Termination "Talent-OF-Slovenia won by checkmate"]

1. e4 g5 2. d4 e6 3. Nc3 Bg7 4. Be3 h6 5. Bd3 Nc6 6. Nge2 Nge7 7. O-O d5 8. e5 Nb4 9. f4 Nxd3 10. Qxd3 Nf5 11.
g4 Nxe3 12. Qxe3 Bd7 13. f5 h5 14. f6 Bf8 15. Qxg5 hxg4 16. Nf4 c5 17. Rae1 Qb6 18. Ncxd5 exd5 19. e6 Bxe6 20. Nxe6 fxe6 21. Qxd5 Kf7 22.
Qd7+ Kg6 23. f7 Rd8 24. Rxe6+ Kh5 25. Re5+ Kh4 26. Qf5 g3 27. Qg5+ Kh3 28. Qxg3# 1-0

[Event "Early-Titled-Tuesday-Blitz-January-16-2024"]
[Site "Chess.com"]
[Date "2024.01.16"]
[Round "8"]
[White "NelsonLinda"]
[Black "Brahianzevich"]
[Result "0-1"]
[WhiteElo "2592"]
[BlackElo "2444"]
[TimeControl "180+1"]
[EndTime "9:32:16 PST"]
[Termination "Brahianzevich won on time"]

1. b3 d5 2. Bb2 e6 3. Nf3 Nf6 4. g3 Be7 5. Bg2 O-O 6. O-O c5 7. d4 cxd4 8. Nxd4 Nc6 9. Nxc6 bxc6 10. c4 Ba6 11. Nd2 Qb6 12. Rc1 Rfd8 13. Qc2 Rac8 14. Rfd1 h5 15. e3 h4 16. Nf3 hxg3 17. hxg3 Ne4 18.
Ne5 Nf6 19. Bf3 c5 20. cxd5 exd5 21. Kg2 Qe6 22. Rh1 d4 23. Ng4 d3 24. Nxf6+ Bxf6 25. Qd2 c4 26. Bxf6 Qxf6 27. bxc4 Bxc4 28. Rh4 Bd5 29.
Bxd5 Rxc1 30. Qxd3 Rc5 31. Qh7+ Kf8 0-1

[Event "Early-Titled-Tuesday-Blitz-January-16-2024"]
[Site "Chess.com"]
[Date "2024.01.16"]
[Round "8"]
[White "brm72"]
[Black "LimeInTheCoconut"]
[Result "1-0"]
[WhiteElo "2698"]
[BlackElo "2545"]
[TimeControl "180+1"]
[EndTime "9:32:17 PST"]
[Termination "brm72 won on time"]

1. e4 c6 2. d4 d5 3. e5 Bf5 4.
Nf3 e6 5. Be2 Ne7 6. O-O Nd7 7.
Be3 Bg4 8. Nbd2 c5 9. c4 cxd4 10. Bxd4 dxc4 11. Nxc4 Nc6 12. Bc3 Nc5 13. Qc2 Bf5 14.
Qc1 Ne4 15. Rd1 Qc7 16. Qf4 Nxc3 17. bxc3 Be7 18. Nd6+ Bxd6 19. exd6 Qd7 20. c4 O-O 21. c5 Rfd8 22. Bb5 f6 23. Qa4 e5 24. h3 Rdc8 25.
Rac1 a6 26. Bc4+ Be6 27. Qb3 Bxc4 28. Qxc4+ Qf7 29. Qa4 Rd8 30. Rb1 Rd7 31. Rb6 Rc8 32. Rdb1 Nd8 33. Rc1 Rc6 34. Rbb1 h6 35. Nh4 Qe6 36. Qe4 Nf7 37. Nf5 Ng5 38. Qc2 1-0

[Event "Early-Titled-Tuesday-Blitz-January-16-2024"]
[Site "Chess.com"]
[Date "2024.01.16"]
[Round "8"]
[White "Juicy_Fork"]
[Black "TheNextLevelFan"]
[Result "0-1"]
[WhiteElo "2418"]
[BlackElo "2596"]
[TimeControl "180+1"]
[EndTime "9:32:18 PST"]
[Termination "TheNextLevelFan won by resignation"]

1. e4 c6 2. d4 d5 3. f3 dxe4 4. fxe4 g6 5. Nf3 Bg7 6. Bc4 Nf6 7. O-O O-O 8. Qe2 Bg4 9. c3 e5 10. dxe5 Nfd7 11. e6 Bxe6 12. Bxe6 fxe6 13. Be3 Na6 14. Nbd2 Qa5 15. Nc4 Qh5 16. Rad1 Ne5 17. Ncxe5 Bxe5 18. h3 Bf4 19. Bd4 Nc7 20. Qc4 Qb5 21. Qxb5 Nxb5 22. Bc5 Rf7 23. a4 Nc7 24. Bd6 Bxd6 25. Rxd6 Re8 26.
Rfd1 a5 27. Ng5 Rfe7 28. Rd7 Na6 29. e5 Nc5 30. b4 Nxd7 31. Ne4 axb4 32. cxb4 Nxe5 33.
Nf6+ Kg7 34. Nxe8+ Rxe8 0-1

[Event "Early-Titled-Tuesday-Blitz-January-16-2024"]
[Site "Chess.com"]
[Date "2024.01.16"]
[Round "8"]
[White "stepanosinovsky"]
[Black "dosto07"]
[Result "0-1"]
[WhiteElo "2384"]
[BlackElo "2534"]
[TimeControl "180+1"]
[EndTime "9:32:18 PST"]
[Termination "dosto07 won by resignation"]

1. e4 e5 2. Nf3 Nc6 3. Bb5 a6 4.
Ba4 Nf6 5. O-O Be7 6. Re1 b5 7. Bb3 d6 8. c3 O-O 9. h3 Bb7 10. d4 Re8 11. Ng5 Rf8 12. Nf3 Re8 13. dxe5 Nxe5 14.
Nxe5 dxe5 15. Qxd8 Rexd8 16. Nd2 Bc5 17. Bc2 b4 18.
Nb3 Be7 19. Na5 Rab8 20. Nxb7 Rxb7 21. cxb4 Bxb4 22. Re2 Rb6 23. Be3 Rbd6 24. Kf1 Nd7 25. Rc1 Bc5 26. Bb3 Bxe3 27. Rxe3 c6 28. Rec3 Nb8 29.
Rc5 Re8 30. Ke2 Kf8 31. Ke3 Rc8 32. Bc4 f6 33. b4 Rc7 34. Be2 Rb7 35. a3 Ke7 36. g3 g6 37. h4 Rb6 38. R1c2 Nd7 39. R5c3 Nf8 40. Bg4 h5 41. Rc5 hxg4 42. R5c3 Ne6 0-1

[Event "Early-Titled-Tuesday-Blitz-January-16-2024"]
[Site "Chess.com"]
[Date "2024.01.16"]
[Round "8"]
[White "MusicCityMaster"]
[Black "Pastore1978"]
[Result "1-0"]
[WhiteElo "2412"]
[BlackElo "2276"]
[TimeControl "180+1"]
[EndTime "9:32:18 PST"]
[Termination "MusicCityMaster won by resignation"]

1. e4 e6 2. d4 d5 3. Nc3 Nf6 4. e5 Nfd7 5. Nce2 c5 6. c3 Nc6 7.
Nf3 Qb6 8. a3 Be7 9. h4 cxd4 10.
cxd4 Na5 11. Nf4 Nb3 12. Rb1 Nb8 13. Be3 Bd7 14. Bd3 Ba4 15. Bc2 Nc6 16. Rh3 O-O-O 17. Kf1 Nca5 18. Kg1 Kb8 19. Ng5 Bxg5 20. hxg5 g6 21. Ne2 Rc8 22. Nc3 Bd7 23. Rf3 Be8 24.
Rh3 Rc4 25. Rh4 Bd7 26. Rf4 Be8 27. Bd3 Rc7 28. Bc2 Rc4 29. f3 h6 30. Rh4 h5 31.
Bf2 Bd7 32. Rf4 Rf8 33. Bd3 Rcc8 34. Bc2 a6 35. Rf6 Be8 36. Nxd5 exd5 37. Rxb6 Bb5 38. Bxb3 Ka7 39. Rf6 Rc7 40. Bxd5 1-0

[Event "Early-Titled-Tuesday-Blitz-January-16-2024"]
[Site "Chess.com"]
[Date "2024.01.16"]
[Round "8"]
[White "CristianS27"]
[Black "lucliasco"]
[Result "1-0"]
[WhiteElo "2622"]
[BlackElo "2885"]
[TimeControl "180+1"]
[EndTime "9:32:19 PST"]
[Termination "CristianS27 won by resignation"]

1. e4 c6 2. d4 d5 3. exd5 Nf6 4.
c4 cxd5 5. Nc3 g6 6. Qb3 Bg7 7. cxd5 O-O 8. Be2 Nbd7 9. Bf3 Nb6 10. Nge2 Bf5 11. a4 Bd3 12. a5 Nc4 13. Qxb7 Rb8 14. Qxa7 Nd7 15. d6 exd6 16. O-O Nxb2 17. a6 Re8 18.
Bc6 Re7 19. Bg5 f6 20. Be3 Ne5 21. Qxe7 Qxe7 22. dxe5 Bxa6 23. exd6 Qxd6 24. Rxa6 Qd3 25.
Ra7 h6 26. Bd5+ Kh8 27. Be4 Qd8 28. Bxg6 Ra8 29. Rfa1 Rb8 30. h4 Qf8 31. h5 Nc4 32. Rf7 Qg8 33. Raa7 Nxe3 34. fxe3 Rd8 35. Nd4 1-0

[Event "Early-Titled-Tuesday-Blitz-January-16-2024"]
[Site "Chess.com"]
[Date "2024.01.16"]
[Round "8"]
[White "doctorcristian"]
[Black "NoHeThTo"]
[Result "0-1"]
[WhiteElo "2554"]
[BlackElo "2712"]
[TimeControl "180+1"]
[EndTime "9:32:20 PST"]
[Termination "NoHeThTo won by resignation"]

1. d4 Nf6 2. Nc3 g6 3. e4 d6 4.
Bg5 Bg7 5. Qe2 Nc6 6. O-O-O h6 7. Bh4 g5 8. Bg3 Bg4 9. f3 Bh5 10. Bf2 Bg6 11. Qd2 Nd7 12. h4 e6 13. hxg5 hxg5 14. Rxh8+ Bxh8 15. Nh3 Bf6 16. Be3 g4 17.
Nf4 Nf8 18. Bb5 a6 19. Bxc6+ bxc6 20. Nce2 gxf3 21. gxf3 Qb8 22. c3 Qb5 23. Nxg6 Nxg6 24. Nf4 Nxf4 25. Bxf4 a5 26. e5 Be7 27. Qh2 Kd7 28. Qh7 Qd5 29. exd6 cxd6 30. Bd2 Qxf3 31. Rg1 a4 32. Rg7 Rf8 33. a3 d5 34. Qc2 Qh1+ 35. Qd1 Qxd1+ 36. Kxd1 Bf6 37. Rh7 Ke7 38. c4 Rh8 39. Bb4+ Ke8 40. Rxh8+ Bxh8 41. cxd5 cxd5 42. Bc5 Kd7 43. Kc2 Kc6 44. b3 axb3+ 45. Kxb3 e5 46. a4 e4 47. Kc3 f5 48. Be7 f4 49. Bg5 f3 50. Be3 Bf6 51. Kb4 Be7+ 52. Kc3 Bh4 53.
Kd2 Kb6 54. Bf4 Bf2 55. Bd6 Bxd4 56. Be5 Bxe5 0-1